 Dungeon Crawl Stone Soup version 0.19-a0-1889-g9c603be (webtiles) character file.

389991 dobroeutro the Slayer (level 23, -16/176 HPs)
             Began as a Gargoyle Fighter on Oct 17, 2016.
             Was the Champion of Okawaru.
             Demolished by a large abomination (38 damage)
             ... created by a deep elf death mage
             ... on level 3 of the Vaults.
             The game lasted 01:49:53 (44183 turns).

dobroeutro the Slayer (Gargoyle Fighter)           Turns: 44183, Time: 01:49:53

Health: -16/176    AC: 75    Str: 34 (35) XL:     23   Next: 8%
Magic:  24/24      EV: 16    Int: 12      God:    Okawaru [******]
Gold:   3471       SH: 29    Dex: 13      Spells: 0 memorised, 22 levels left

rFire  + + .     SeeInvis +     R - +7 eveningstar (crush)
rCold  . . .     Gourm    .     i - +19 crystal plate armour "Baom Opu" {MR+ Str+4 Stlth+}
rNeg   + . .     Faith    .     y - +0 large shield
rPois  ∞         Spirit   .     O - +1 hat {SInv}
rElec  +         Reflect  +     L - +4 cloak "Ukirus" {rPois MR+ Str+3 Int+4}
rCorr  .         Harm     .     Y - +2 pair of gloves {Str+3}
MR     ++++.     Clarity  +     G - +0 pair of boots {Stlth+}
Stlth  ..........               J - +4 amulet of reflection
                                z - ring of protection from magic
                                x - ring of protection from fire

@: heroism, flying
A: big wings, beak, blurry vision 1, clarity, deterioration 1, dopey 1, fire
resistance 1, low mp 1, negative energy resistance 1, robust 1, screaming 1,
electricity resistance, unbreathing, evolution 1, petrification resistance, rot
immunity, AC +17
a: Stop Flying, Heroism, Finesse, Renounce Religion
}: 2/15 runes: serpentine, barnacled


You were on level 3 of the Vaults.
You worshipped Okawaru.
Okawaru was exalted by your worship.
You were not hungry.

You visited 7 branches of the dungeon, and saw 37 of its levels.
You also visited: Ice Cave and Volcano.

You collected 4695 gold pieces.
You spent 1224 gold pieces at shops.

Inventory:

Hand Weapons
 R - a +7 eveningstar of crushing (weapon)
Armour
 i - the +19 crystal plate armour "Baom Opu" (worn) {MR+ Str+4 Stlth+}
   (You found it on level 6 of the Lair of Beasts)

   It affects your strength (+4).
   It affects your resistance to hostile enchantments.
   It makes you more stealthy.
 y - a +0 large shield (worn)
 G - a +0 pair of boots of stealth (worn)
 L - the +4 cloak "Ukirus" (worn) {rPois MR+ Str+3 Int+4}
   (You bought it in a shop on level 1 of the Snake Pit)

   It affects your strength (+3).
   It affects your intelligence (+4).
   It protects you from poison.
   It affects your resistance to hostile enchantments.
 O - a +1 hat of see invisible (worn)
 Y - a +2 pair of gloves of strength (worn)
Jewellery
 r - the ring "Liuff" {Wiz rPois rN++ Int+2}
   (You took it off a naga on level 2 of the Snake Pit)

   [ring of wizardry]

   It improves your spell success rate.
   It affects your intelligence (+2).
   It protects you from poison.
   It greatly protects you from negative energy.
 x - a ring of protection from fire (left hand)
 z - a ring of protection from magic (right hand)
 J - a +4 amulet of reflection (around neck)
 N - an uncursed ring of resist corrosion
Wands
 m - a wand of flame (23/48)
 w - a wand of lightning (9/15)
 B - a wand of acid (8/15)
 E - a wand of digging (15/24)
 K - a wand of hasting (7/9)
 S - a wand of paralysis (7/24)
 U - a wand of disintegration (15/24)
Scrolls
 a - a scroll of enchant armour
 b - a scroll of holy word
 c - 4 scrolls of magic mapping
 e - 3 scrolls of immolation
 j - 20 scrolls of remove curse
 l - 13 scrolls of identify
 p - 5 scrolls of fog
 s - 5 scrolls of teleportation
 t - 6 scrolls of blinking
 C - 8 scrolls of fear
 D - a scroll of brand weapon
 T - a scroll of summoning
 X - 4 scrolls of recharging
Potions
 d - 4 potions of might
 g - a potion of beneficial mutation
 k - 7 potions of curing
 o - 2 potions of cure mutation
 u - 2 potions of ambrosia
 v - 6 potions of heal wounds
 A - 6 potions of agility
 F - 2 potions of invisibility
 I - a potion of resistance
 Q - 3 potions of haste
 W - 3 potions of berserk rage
Books
 n - a book of Battle

   Spells                             Type                      Level
   a - Infusion                       Charms                       1
   b - Shroud of Golubria             Charms/Translocation         2
   c - Song of Slaying                Charms                       2
   d - Spectral Weapon                Hexes/Charms                 3
   e - Regeneration                   Charms/Necromancy            3
Comestibles
 f - 16 bread rations
 q - 10 meat rations
 H - 31 fruits
 Z - 21 beef jerkies


   Skills:
 + Level 21.6(26.6) Fighting
 + Level 20.7(25.7) Maces & Flails
 + Level 15.1(20.1) Armour
 - Level 14.2(19.2) Dodging
 - Level 7.8(12.8) Stealth
 + Level 15.4(20.4) Shields
 - Level 6.1 Invocations
 - Level 3.4 Evocations


You had 22 spell levels left.
You didn't know any spells.

Dungeon Overview and Level Annotations

Branches:
Dungeon (15/15)            Temple (0/1) D:4            Lair (6/6) D:8
 Shoals (4/4) Lair:2        Snake (4/4) Lair:2        Slime (0/5) Lair:6
    Orc (2/2) D:9             Elf (3/3) Orc:2        Vaults (3/5) D:14
  Crypt (0/3) Vaults:2     Depths (0/5) D:15

Altars:
Ashenzari
Fedhas
Gozag
Hepliaklqana
Kikubaaqudgha
Makhleb
Nemelex Xobeh
Okawaru
Qazlal
Ru
Sif Muna
Vehumet
Xom
Yredelemnul
The Shining One
Beogh
Jiyva

Shops:
D:9 }   Orc:2 }::??   Elf:1 *   Elf:2 ?   Elf:3 }   Snake:1 [:[:[[[=%
Snake:2 [   Snake:3 ==}

Annotations:
D:3 exclusion: oklob plant


Innate Abilities, Weirdness & Mutations

You are resistant to torment.
Your stone body is resilient. (AC +17)
You are immune to poison.
Your large and strong wings let you fly indefinitely.
You resist negative energy. (rN+)
You are resistant to electric shocks. (rElec)
You can survive without breathing.
You are immune to petrification.
You are immune to rotting.
You have a beak for a mouth.
Scrolls take you a little longer to read.
You possess an exceptional clarity of mind.
Your body sometimes deteriorates upon taking damage.
You are dopey. (Int -2)
Your flesh is heat resistant. (rF+)
Your magical capacity is low. (-10% MP)
You are robust. (+10% HP)
You occasionally shout uncontrollably at your foes.
You evolve.


Message History

The stone giant is heavily wounded.
You block the large abomination's attack.
The ironheart preserver hits you but does no damage.
You block the stone giant's attack.
You block the freezing wraith's attack. x2
The shadow demon gestures.
You barely miss the stone giant.
You peck the stone giant, but do no damage.
The stone giant is heavily wounded.
The ettin hits you with a dire flail!!!
* * * LOW HITPOINT WARNING * * *
You block the ettin's attack. The stone giant hits you!
* * * LOW HITPOINT WARNING * * *
The large abomination hits you but does no damage.
The ironheart preserver casts a spell.
The ironheart preserver begins to accept its allies' injuries.
You feel much better.
You block the freezing wraith's attack. x2
The stone giant closely misses you. You block the ettin's attack. x2
The ironheart preserver closely misses you.
The large abomination hits you!!!
You die...

#################################
.................................
..............)..(...............
..............))p.)..............
.###############p################
.# #######@W##### .#
#....WXCCe.2... .#
#......dW.34... .#
#.....((....... .#
#######++###### .# .... .# ....5
.# ...... .# p.....


You could see an ironheart preserver, a purple draconian, a stone giant, an
ettin, a soul eater, a shadow demon, a shadow wraith (invisible), a deep elf
demonologist, an orange demon, a large abomination, an ironbrand convoker and 2
freezing wraiths.

Vanquished Creatures
  Bai Suzhen (Shoals:3)
  Jorgrun (Shoals:3)
  Rupert (D:15)
  2 deep elf master archers (Elf:3)
  A kraken (Shoals:4)
  3 deep elf blademasters
  Polyphemus (Shoals:2)
  Agnes (D:14)
  Frances (D:13)
  An ancient champion (Vaults:2)
  Kirke (Lair:6)
  A tengu reaver (Vaults:3)
  A storm dragon (Vaults:3)
  Roxanne (Elf:3)
  6 nagarajas (Snake:4)
  Ilsuiw (Shoals:4)
  6 deep elf sorcerers (Elf:3)
  Aizul (Snake:1)
  A frost giant (Vaults:3)
  Louise (D:14)
  10 vault wardens
  8 deep elf elementalists (Elf:3)
  11 ironheart preservers
  3 very ugly things
  4 stone giants
  A vampire knight (Vaults:2)
  An entropy weaver (Vaults:2)
  6 deep elf demonologists
  A large abomination (Vaults:3)
  8 deep elf annihilators
  2 ettins (Vaults:3)
  7 deep elf death magi
  3 merfolk javelineers (Shoals:4)
  2 green deaths (Snake:2)
  A fire dragon (Lair:6)
  The ghost of sveltemanboy the Carver, a journeyman DsGl of Okawaru (D:12)
  The ghost of GameOver the Covert, a journeyman NaSu of Cheibriados (IceCv)
  8 merfolk impalers
  2 great orbs of eyes
  5 deep elf high priests (Elf:3)
  5 yaktaur captains
  Harold (D:12)
  12 naga warriors
  14 vault guards
  5 hydras
  4 merfolk avatars
  6 ice dragons
  9 anacondas
  2 merfolk aquamancers
  A ghost crab (shapeshifter) (Elf:3)
  A death knight (D:13)
  The ghost of Nuatha the Unseen, a journeyman SpAK of Lugonu (Lair:5)
  A catoblepas (Shoals:2)
  5 ogre magi
  An alligator snapping turtle (Shoals:4)
  5 satyrs (Shoals:4)
  6 centaur warriors
  2 deep troll earth magi (Vaults:2)
  3 deep troll shamans (Vaults:3)
  2 small abominations
  29 dancing weapons
  Urug (D:12)
  5 death yaks
  13 naga sharpshooters
  The ghost of p0werm0de the Carver, a novice HaCK of Xom (D:9)
  16 shock serpents
  21 deep elf knights
  2 hell knights
  6 salamander mystics (Snake:4)
  A skeletal warrior (D:13)
  2 shadow wraiths
  9 sea snakes
  A glowing orange brain (Vaults:2)
  2 unseen horrors
  3 wizards
  7 deep trolls
  10 deep elf archers
  A harpy (shapeshifter) (Elf:1)
  8 naga ritualists
  A necromancer (Vaults:2)
  12 ironbrand convokers
  9 hill giants
  2 phantasmal warriors
  8 lindwurms
  25 harpies
  10 mana vipers
  3 wolf spiders
  15 manticores
  12 cyclopes
  15 orc knights
  An orc sorcerer (Orc:1)
  28 fauns
  18 ugly things
  67 deep elf magi
  11 salamanders
  11 guardian serpents
  2 ice statues (IceCv)
  12 sirens
  Maurice (Orc:2)
  39 black mambas
  3 elephants (Lair:3)
  4 gargoyles
  Joseph (D:12)
  8 vault sentinels
  22 naga magi
  7 water nymphs
  12 spiny frogs
  26 yaktaurs
  5 rime drakes
  2 kobold demonologists
  12 komodo dragons
  A storm dragon simulacrum (Vaults:2)
  4 freezing wraiths
  A komodo dragon (shapeshifter) (Elf:1)
  31 merfolk
  A queen bee (shapeshifter) (Vaults:1)
  A troll (shapeshifter) (Vaults:2)
  18 trolls
  9 polar bears
  16 two-headed ogres
  15 slime creatures
  6 raiju (Lair:6)
  4 snapping turtles
  5 wind drakes
  8 blink frogs
  16 hippogriffs
  31 dream sheep
  5 air elementals
  2 redbacks (Vaults:2)
  A spriggan (D:8)
  2 shadows
  51 yaks
  3 wraiths
  A vampire (D:12)
  2 hogs (Lair:6)
  3 hogs (shapeshifter)
  7 basilisks
  A fire elemental (Elf:3)
  A golden eye (shapeshifter) (Vaults:2)
  8 fire bats (Volcano)
  8 water elementals
  Grum (D:11)
  3 wyverns
  A steam dragon (Lair:6)
  5 hungry ghosts
  7 wargs
  7 mottled dragons
  37 nagas
  A soldier ant (D:13)
  3 hell hounds (Lair:6)
  18 water moccasins
  14 black bears
  An eye of draining (D:13)
  7 porcupines
  5 sky beasts
  27 ice beasts
  35 orc warriors
  5 phantoms
  9 necrophages
  A hornet zombie (D:13)
  An ice dragon simulacrum (Vaults:1)
  18 wolves
  3 boggarts (Vaults:2)
  28 ogres
  21 centaurs
  16 crocodiles
  A big kobold (D:14)
  17 bullfrogs
  3 earth elementals
  2 wyvern zombies
  A water moccasin skeleton (D:11)
  An orc simulacrum (Vaults:2)
  7 scorpions
  A human simulacrum (Vaults:2)
  A troll zombie (D:9)
  17 wights
  5 killer bees
  8 howler monkeys
  3 bullfrog zombies
  9 centaur zombies
  6 crimson imps
  9 lava snakes (Volcano)
  22 hounds
  10 jellies
  A bullfrog skeleton (D:12)
  3 centaur skeletons
  18 orc priests
  17 orc wizards
  Natasha (twice) (D:2)
  9 iguanas
  9 worker ants
  5 ogre zombies (D:9)
  2 hound zombies (D:7)
  A mummy (D:7)
  2 worker ant zombies
  3 gnolls (D:7)
  6 adders
  6 shadow imps
  2 oozes
  2 adder skeletons
  2 adder zombies
  A worm (D:3)
  3 dart slugs
  3 leopard geckos
  90 orcs
  3 ball pythons
  6 giant cockroaches
  10 goblins
  8 hobgoblins
  4 jackals
  8 quokkas
  8 bats
  5 frilled lizards
  A giant cockroach zombie (D:4)
  2 goblin skeletons (D:9)
  3 goblin zombies (D:9)
  A hobgoblin skeleton (D:9)
  3 hobgoblin zombies (D:9)
  2 jackal skeletons
  11 kobolds
  A kobold skeleton (D:9)
  6 orc skeletons (D:9)
  12 orc zombies (D:9)
  A quokka skeleton (D:8)
  9 rats
  A fungus (D:8)
  A toadstool (D:3)
1698 creatures vanquished.

Vanquished Creatures (others)
  Vashnia (Snake:2)
  A deep elf master archer (Elf:3)
  2 merfolk javelineers (Shoals:4)
  2 satyrs (Shoals:4)
  A deep elf knight (Elf:2)
  2 deep elf archers
  3 fauns
  2 cyclopes
  A guardian serpent (Snake:4)
  A naga mage (Snake:2)
  5 yaktaurs
  A two-headed ogre (Vaults:2)
  A dream sheep (Shoals:2)
  A human (Lair:6)
  A vampire mosquito (D:14)
  A hell hound (Lair:6)
  A boggart (Vaults:2)
  A centaur (Vaults:1)
  An adder (D:12)
  A bush (Lair:2)
  18 fungi
  68 plants
  4 tentacles (Shoals:4)
  16 toadstools (D:3)
136 creatures vanquished.

Grand Total: 1834 creatures vanquished

Notes
Turn   | Place    | Note
-------+----------+-------------------------------------------
     0 | D:1      | dobroeutro the Gargoyle Fighter began the quest for the Orb.
     0 | D:1      | Reached XP level 1. HP: 14/14 MP: 1/1
   162 | D:1      | Reached XP level 2. HP: 19/19 MP: 2/2
   774 | D:2      | Noticed Natasha
   790 | D:2      | Killed Natasha
   790 | D:2      | Reached XP level 3. HP: 11/23 MP: 3/3
  1035 | D:2      | Noticed Natasha
  1050 | D:2      | Killed Natasha
  1050 | D:2      | Reached XP level 4. HP: 16/28 MP: 4/4
  1090 | D:2      | You fall through a shaft!
  1307 | D:3      | Found a blossoming altar of Fedhas.
  1328 | D:3      | Noticed an oklob plant
  1500 | D:3      | Reached skill level 5 in Maces & Flails
  1500 | D:3      | Reached XP level 5. HP: 31/32 MP: 5/5
  1678 | D:3      | Found a radiant altar of Vehumet.
  1679 | D:3      | Found a burning altar of Makhleb.
  2622 | D:2      | Found a faded altar of an unknown god.
  2622 | D:2      | Found a faded altar of an unknown god.
  2629 | D:2      | Found an iron altar of Okawaru.
  2636 | D:2      | Found a faded altar of an unknown god.
  2637 | D:2      | Found a faded altar of an unknown god.
  2679 | D:2      | Became a worshipper of Warmaster Okawaru
  2921 | D:4      | Found a hazy altar of Hepliaklqana.
  2933 | D:4      | Reached XP level 6. HP: 35/37 MP: 6/6
  3103 | D:4      | Noticed a phantom
  3142 | D:4      | Killed a phantom
  3142 | D:4      | Reached skill level 1 in Dodging
  3152 | D:4      | Reached skill level 4 in Fighting
  3184 | D:4      | Reached XP level 7. HP: 43/43 MP: 7/7
  3224 | D:4      | Found a staircase to the Ecumenical Temple.
  3485 | D:5      | Entered Level 5 of the Dungeon
  3515 | D:5      | Reached * piety under Okawaru
  4042 | D:5      | Reached skill level 5 in Fighting
  4157 | D:5      | Noticed a hill giant
  4581 | D:5      | Reached XP level 8. HP: 48/49 MP: 8/8
  5018 | D:5      | Reached ** piety under Okawaru
  5171 | D:5      | Killed a hill giant
  5171 | D:5      | Reached skill level 6 in Fighting
  5275 | D:6      | Reached skill level 7 in Fighting
  5279 | D:6      | Reached *** piety under Okawaru
  5297 | D:6      | Found an ancient bone altar of Kikubaaqudgha.
  5430 | D:6      | Reached XP level 9. HP: 57/57 MP: 9/9
  6108 | D:7      | Reached skill level 8 in Fighting
  6192 | D:7      | Reached **** piety under Okawaru
  6263 | D:7      | Reached skill level 9 in Fighting
  6435 | D:7      | Reached skill level 10 in Maces & Flails
  6751 | D:7      | Found an opulent altar of Gozag.
  6885 | D:8      | Reached XP level 10. HP: 66/66 MP: 10/10
  7073 | D:8      | Reached skill level 10 in Fighting
  7343 | D:8      | Reached ***** piety under Okawaru
  7447 | D:8      | Gained mutation: Armour fits poorly on your strangely shaped body. [mutagenic meat]
  7450 | D:8      | Gained mutation: Your body sometimes deteriorates upon taking damage. [mutagenic meat]
  7453 | D:8      | Gained mutation: Your large and strong wings let you fly indefinitely. [mutagenic meat]
  7456 | D:8      | Gained mutation: Your magical capacity is low. (-10% MP) [mutagenic meat]
  7484 | D:8      | Found a sparkling altar of Nemelex Xobeh.
  7607 | D:8      | Found a shimmering altar of Xom.
  7616 | D:8      | Found a staircase to the Lair.
  7657 | D:8      | Gained mutation: Scrolls take you a little longer to read. [potion of mutation]
  7657 | D:8      | Gained mutation: You expend magic power (3 MP) to strengthen your wands. [potion of mutation]
  7657 | D:8      | Gained mutation: You have sharp toenails. [potion of mutation]
  7700 | D:8      | Found a stormy altar of Qazlal.
  7701 | D:8      | Found a shattered altar of Ashenzari.
  8156 | D:9      | Found a staircase to the Orcish Mines.
  8455 | D:9      | Found Uzack's Gadget Shop.
  8513 | D:9      | Reached skill level 11 in Fighting
  8520 | D:9      | Noticed p0werm0de's ghost (novice HaCK)
  8618 | D:9      | Killed p0werm0de's ghost
  8669 | D:9      | Received a gift from Okawaru
  8705 | D:9      | Reached XP level 11. HP: 64/74 MP: 9/9
  8783 | D:9      | Found a glowing golden altar of the Shining One.
  8897 | D:9      | Noticed a purple ugly thing
  8914 | D:9      | Killed a purple ugly thing
  9205 | D:9      | Found a basalt altar of Yredelemnul.
  9344 | D:10     | Entered Level 10 of the Dungeon
  9582 | D:10     | Reached skill level 12 in Fighting
  9760 | D:10     | Noticed a cyclops
  9775 | D:10     | Killed a cyclops
  9863 | D:10     | Found a burning altar of Makhleb.
  9863 | D:10     | Noticed an Executioner
  9933 | Lair:1   | Entered Level 1 of the Lair of Beasts
 10569 | Lair:2   | Received a gift from Okawaru
 10692 | Lair:1   | Reached skill level 1 in Invocations
 11410 | Lair:2   | Found a staircase to the Shoals.
 11691 | Lair:2   | Noticed a seven-headed hydra
 11700 | Lair:2   | Killed a seven-headed hydra
 11700 | Lair:2   | Received a gift from Okawaru
 11700 | Lair:2   | Reached skill level 5 in Armour
 11700 | Lair:2   | Reached skill level 5 in Shields
 11700 | Lair:2   | Reached XP level 12. HP: 50/82 MP: 9/12
 11889 | Lair:2   | Noticed a seven-headed hydra
 11896 | Lair:2   | Killed a seven-headed hydra
 11934 | Lair:2   | Found a staircase to the Snake Pit.
 12826 | D:11     | Reached skill level 5 in Invocations
 12998 | D:11     | Noticed Grum
 13009 | D:11     | Killed Grum
 13022 | D:11     | Reached skill level 5 in Dodging
 13250 | D:11     | Reached ****** piety under Okawaru
 13357 | D:11     | Received a gift from Okawaru
 13361 | D:11     | Got a pair of ichor-stained boots {god gift}
 13367 | D:11     | Identified the +0 pair of boots "Nuzyet" {*Slow rPois Dex+2 Stlth+} (Okawaru gifted it to you on level 11 of the Dungeon)
 13851 | D:12     | Lost mutation: Scrolls take you a little longer to read. [potion of cure mutation]
 13851 | D:12     | Lost mutation: You expend magic power (3 MP) to strengthen your wands. [potion of cure mutation]
 13851 | D:12     | Lost mutation: Your body sometimes deteriorates upon taking damage. [potion of cure mutation]
 13851 | D:12     | Lost mutation: You have sharp toenails. [potion of cure mutation]
 13851 | D:12     | Lost mutation: Armour fits poorly on your strangely shaped body. [potion of cure mutation]
 13934 | D:12     | Noticed sveltemanboy's ghost (journeyman DsGl)
 13966 | D:12     | Killed sveltemanboy's ghost
 13966 | D:12     | Reached XP level 13. HP: 71/87 MP: 15/15
 14021 | D:12     | Gained mutation: You regenerate slowly when monsters are visible. [mutagenic meat]
 14024 | D:12     | Gained mutation: You have sharp toenails. [mutagenic meat]
 14027 | D:12     | Gained mutation: You possess an exceptional clarity of mind. [mutagenic meat]
 14030 | D:12     | Gained mutation: You have a beak for a mouth. [mutagenic meat]
 14062 | D:12     | Found a frozen archway.
 14084 | D:12     | Reached skill level 13 in Fighting
 14118 | IceCv    | Entered an ice cave
 14580 | IceCv    | Noticed an ice dragon
 14603 | IceCv    | Killed an ice dragon
 14797 | IceCv    | Noticed an ice dragon
 14808 | IceCv    | Killed an ice dragon
 14811 | IceCv    | Noticed GameOver's ghost (journeyman NaSu)
 15061 | IceCv    | Killed GameOver's ghost
 15699 | D:12     | Noticed Joseph
 15739 | D:12     | Killed Joseph
 15743 | D:12     | Noticed Urug
 16178 | D:12     | Noticed Harold
 16187 | D:12     | Killed Urug
 16201 | D:12     | Killed Harold
 16201 | D:12     | Received a gift from Okawaru
 17262 | Lair:3   | Found a sparkling altar of Nemelex Xobeh.
 17558 | Lair:3   | Mutation became permanent: Your large and strong wings let you fly indefinitely. [Gargoyle growth]
 17558 | Lair:3   | Reached XP level 14. HP: 77/95 MP: 16/16
 17602 | Lair:4   | Received a gift from Okawaru
 17838 | Lair:4   | Reached skill level 14 in Fighting
 18318 | Lair:5   | Noticed Nuatha's ghost (journeyman SpAK)
 18336 | Lair:5   | Killed Nuatha's ghost
 18709 | Lair:5   | Received a gift from Okawaru
 18966 | Lair:5   | Found a dark tunnel.
 18975 | Volcano  | Entered a volcano
 19651 | Volcano  | Found a radiant altar of Vehumet.
 19934 | Lair:6   | Entered Level 6 of the Lair of Beasts
 20055 | Lair:5   | Reached skill level 10 in Shields
 20385 | Lair:6   | Found a runed door.
 20387 | Lair:6   | Found a viscous altar of Jiyva.
 20389 | Lair:6   | Found a staircase to the Slime Pits.
 20436 | Lair:6   | Reached skill level 10 in Armour
 20785 | Lair:6   | Received a gift from Okawaru
 20869 | Lair:6   | Noticed Kirke
 20890 | Lair:6   | Killed Kirke
 21440 | Lair:6   | Reached XP level 15. HP: 97/101 MP: 17/17
 22136 | Lair:6   | Got a smoking crystal plate armour
 22160 | Lair:6   | Identified the +19 crystal plate armour "Baom Opu" {MR+ Str+4 Stlth+} (You found it on level 6 of the Lair of Beasts)
 22620 | D:13     | Noticed Frances
 22633 | D:13     | Killed Frances
 22849 | D:13     | Reached skill level 15 in Fighting
 23395 | D:14     | Noticed Agnes
 23459 | D:14     | Killed Agnes
 23459 | D:14     | Received a gift from Okawaru
 23738 | D:14     | Noticed Louise
 23765 | D:14     | Killed Louise
 23934 | D:14     | Gained mutation: You evolve. [mutagenic meat]
 23937 | D:14     | Gained mutation: You are surrounded by a mild repulsion field. (EV +2) [mutagenic meat]
 23940 | D:14     | Gained mutation: Scrolls take you a little longer to read. [mutagenic meat]
 23973 | D:14     | Found a gate to the Vaults.
 24125 | D:14     | Lost mutation: You are surrounded by a mild repulsion field. (EV +2) [mutagenic meat]
 24128 | D:14     | Gained mutation: Your muscles are strong. (Str +2) [mutagenic meat]
 24131 | D:14     | Gained mutation: You are robust. (+10% HP) [mutagenic meat]
 24134 | D:14     | Lost mutation: You have sharp toenails. [mutagenic meat]
 24137 | D:14     | Gained mutation: You are dopey. (Int -2) [mutagenic meat]
 24332 | D:14     | Lost mutation: You regenerate slowly when monsters are visible. [mutagenic meat]
 24335 | D:14     | Gained mutation: Your flesh is heat resistant. (rF+) [mutagenic meat]
 24338 | D:14     | Gained mutation: You occasionally shout uncontrollably at your foes. [mutagenic meat]
 24341 | D:14     | Gained mutation: You are clumsy. (Dex -2) [mutagenic meat]
 24344 | D:14     | Lost mutation: Scrolls take you a little longer to read. [mutagenic meat]
 24393 | D:14     | Received a gift from Okawaru
 24529 | D:14     | Reached skill level 15 in Maces & Flails
 24553 | D:14     | Identified the Guide on Venomous Beguiling
 24641 | D:15     | Entered Level 15 of the Dungeon
 24706 | D:15     | Found a sacrificial altar of Ru.
 24832 | D:15     | Reached XP level 16. HP: 117/118 MP: 18/18
 24852 | D:15     | Found a staircase to the Depths.
 24985 | D:15     | Noticed Rupert
 25004 | D:15     | Killed Rupert
 25374 | Orc:1    | Entered Level 1 of the Orcish Mines
 25510 | Orc:1    | Found a roughly hewn altar of Beogh.
 25968 | Orc:1    | Received a gift from Okawaru
 26272 | Orc:2    | Entered Level 2 of the Orcish Mines
 26335 | Orc:2    | Found a staircase to the Elven Halls.
 26413 | Orc:2    | Found Agidus's Gadget Boutique.
 26495 | Orc:2    | Reached skill level 16 in Fighting
 26516 | Orc:2    | Reached skill level 10 in Dodging
 26702 | Orc:2    | Found Foalebio's Book Shop.
 26703 | Orc:2    | Found Faot's Magic Scroll Boutique.
 26705 | Orc:2    | Found Eghaax's Book Shoppe.
 26709 | Orc:2    | Found Exoudiu's Magic Scroll Shop.
 26793 | Orc:2    | Bought a scroll of enchant weapon for 120 gold pieces
 26868 | Orc:2    | Found a roughly hewn altar of Beogh.
 26971 | Orc:2    | Noticed Maurice
 26986 | Orc:2    | Killed Maurice
 27193 | Snake:1  | Entered Level 1 of the Snake Pit
 27239 | Snake:1  | Found Xuinioxt's Armour Emporium.
 27255 | Snake:1  | Found Cafur's Antique Armour Emporium.
 27295 | Snake:1  | Found Nabliukas's Jewellery Shop.
 27295 | Snake:1  | Found Cithruoxt's Food Emporium.
 27303 | Snake:1  | Bought a +4 amulet of reflection for 500 gold pieces
 27406 | Snake:1  | Found Doigan's Armour Emporium.
 27426 | Snake:1  | Found a deep blue altar of Sif Muna.
 27456 | Snake:1  | Found Gubyref's Antique Armour Emporium.
 27457 | Snake:1  | Found Tauxoz's Book Emporium.
 27457 | Snake:1  | Found Jouva's Antique Armour Shoppe.
 27462 | Snake:1  | Bought a fine cloak for 294 gold pieces
 27472 | Snake:1  | Identified the +4 cloak "Ukirus" {rPois MR+ Str+3 Int+4} (You bought it in a shop on level 1 of the Snake Pit)
 27473 | Snake:1  | Bought a runed hat for 310 gold pieces
 27483 | Snake:1  | Found Doisuirch's Book Shoppe.
 27761 | Snake:1  | Noticed Aizul
 27777 | Snake:1  | Killed Aizul
 27909 | Snake:2  | Received a gift from Okawaru
 27974 | Snake:2  | Reached XP level 17. HP: 115/127 MP: 19/19
 28201 | Snake:2  | Identified a scroll of acquirement
 28204 | Snake:2  | Got a smoking lapis lazuli ring
 28206 | Snake:2  | Identified the ring of Genif {Wiz Str+3} (You acquired it on level 2 of the Snake Pit)
 28220 | Snake:2  | Found Ojanwucs's Antique Armour Emporium.
 28276 | Snake:2  | Got a twitching lead ring
 28359 | Snake:2  | Identified the ring "Liuff" {Wiz rPois rN++ Int+2} (You took it off a naga on level 2 of the Snake Pit)
 28383 | Snake:2  | Noticed Vashnia
 28394 | Snake:2  | Killed Vashnia
 28441 | Snake:2  | Found a runed door.
 28812 | Snake:3  | Reached skill level 17 in Fighting
 28868 | Snake:3  | Received a gift from Okawaru
 29374 | Snake:3  | Found Jusea's Jewellery Boutique.
 29390 | Snake:3  | Found Nocaiv's Gadget Shoppe.
 29391 | Snake:3  | Found Kocwofaw's Jewellery Boutique.
 29453 | Snake:4  | Entered Level 4 of the Snake Pit
 29653 | Snake:4  | Reached skill level 1 in Stealth
 29729 | Snake:4  | Reached skill level 1 in Evocations
 29830 | Snake:4  | Reached XP level 18. HP: 132/136 MP: 20/20
 29922 | Snake:4  | Received a gift from Okawaru
 30606 | Snake:4  | Received a gift from Okawaru
 30616 | Snake:4  | Reached skill level 5 in Stealth
 30854 | Snake:4  | Received a gift from Okawaru
 30949 | Snake:4  | Got a serpentine rune of Zot
 31179 | Shoals:1 | Entered Level 1 of the Shoals
 31600 | Shoals:1 | Reached skill level 18 in Fighting
 31866 | Shoals:1 | Lost mutation: You are clumsy. (Dex -2) [evolution]
 32363 | Shoals:2 | Noticed Polyphemus
 32369 | Shoals:2 | Reached XP level 19. HP: 97/143 MP: 21/21
 32392 | Shoals:2 | Killed Polyphemus
 32778 | Shoals:2 | Received a gift from Okawaru
 33215 | Shoals:3 | Noticed Jorgrun
 33216 | Shoals:3 | Noticed Bai Suzhen
 33231 | Shoals:3 | Killed Jorgrun
 33238 | Shoals:3 | Killed Bai Suzhen
 33731 | Shoals:4 | Entered Level 4 of the Shoals
 33764 | Shoals:4 | Noticed Ilsuiw
 34047 | Shoals:4 | Killed Ilsuiw
 34236 | Shoals:4 | Received a gift from Okawaru
 34703 | Shoals:4 | Reached XP level 20. HP: 150/150 MP: 22/22
 34770 | Shoals:4 | Got a barnacled rune of Zot
 35239 | Elf:1    | Entered Level 1 of the Elven Halls
 35511 | Elf:1    | Received a gift from Okawaru
 35535 | Elf:1    | Reached skill level 19 in Fighting
 35676 | Elf:1    | Identified the Grimoire of Confrontation
 36055 | Elf:1    | Found Qumnapne's General Store.
 36619 | Elf:2    | Received a gift from Okawaru
 36664 | Elf:2    | Noticed a Brimstone Fiend
 36911 | Elf:2    | Found a runed gate.
 36911 | Elf:2    | Found a runed gate.
 36911 | Elf:2    | Found a runed gate.
 36938 | Elf:2    | Found Yraxkack's Magic Scroll Emporium.
 37673 | Elf:3    | Entered Level 3 of the Elven Halls
 37733 | Elf:3    | Received a gift from Okawaru
 37836 | Elf:3    | Found Daejysatz's Gadget Boutique.
 37917 | Elf:3    | Noticed Roxanne
 37926 | Elf:3    | Killed Roxanne
 38156 | Elf:3    | Reached XP level 21. HP: 159/159 MP: 23/23
 38647 | Elf:3    | Reached skill level 20 in Fighting
 39390 | Elf:3    | Received a gift from Okawaru
 39414 | Elf:3    | Lost mutation: Your muscles are strong. (Str +2) [a neqoxec]
 39415 | Elf:3    | Gained mutation: Your body sometimes deteriorates upon taking damage. [a neqoxec]
 39417 | Elf:3    | Gained mutation: Scrolls take you a little longer to read. [a neqoxec]
 39430 | Elf:3    | Got a transparent wooden ring
 39440 | Elf:3    | Got an ebony battleaxe {flame}
 39472 | Elf:3    | Got a scintillating diamond amulet
 39672 | Elf:3    | Identified the ring of Noimime {Ice +Blink rElec rN+} (You took it off a deep elf death mage on level 3 of the Elven Halls)
 39677 | Elf:3    | Identified the amulet "Udill" {Harm *Drain rPois} (You took it off a deep elf annihilator on level 3 of the Elven Halls)
 39680 | Elf:3    | Identified the +7 battleaxe "Siveubb" {flame, Dex+6} (You took it off a deep elf death mage on level 3 of the Elven Halls)
 39766 | Elf:3    | Identified Sif Muna's Guide on Entrancing Earth
 39775 | Elf:3    | Identified Faut's Volume of Ghastly Lightness
 39779 | Elf:3    | Identified Mikid's Handbook of Poisonous Translocation
 40145 | Vaults:1 | Entered Level 1 of the Vaults
 41294 | Vaults:2 | Reached XP level 22. HP: 139/168 MP: 23/23
 41348 | Vaults:2 | Received a gift from Okawaru
 41840 | Vaults:2 | Reached skill level 21 in Fighting
 42396 | Vaults:2 | Found a staircase to the Crypt.
 43226 | Vaults:3 | Reached skill level 15 in Shields
 43656 | Vaults:3 | Received a gift from Okawaru
 44094 | Vaults:3 | Reached skill level 15 in Armour
 44107 | Vaults:3 | Received a gift from Okawaru
 44138 | Vaults:3 | Reached XP level 23. HP: 116/176 MP: 24/24
 44182 | Vaults:3 | HP: 3/176 [stone giant (8)]
 44183 | Vaults:3 | Demolished by a large abomination

Vault maps used:
D:1:      roderic_octagonal_star
D:2:      chequers_temple_overflow_minitemple, uniq_natasha
D:3:      grunt_temple_overflow_lords_of_destruction, tgw_fedhas
D:4:      old_standard_altar
D:5:      first_bread
D:6:      kiku_gazebo_pond_becter, st_stairs_14
D:7:      lemuel_round_altar, serial_undead, serial_undead_f, serial_undead_a,
          serial_undead_e, serial_undead_a, serial_undead_b, serial_undead_a
D:8:      overflow_temple_1_default, nemelex_xobeh_ov_fountains_minmay,
          gammafunk_temple_overflow_statue, dpeg_oklobed_lair, the_bakery,
          roderic_roman_lattice, minmay_statues_item, lemuel_statue_altar
D:9:      lemuel_upstairs_altar, kennysheep_mini_moat, zombieorc1_lemuel,
          serial_shops, shop, small_chamber_with_monster,
          nicolae_tso_besieged_by_evil
D:10:     makhleb_altar_promises_db
D:11:     enter_bailey_3, uniq_grum
D:12:     portal_ice_cave_entry_ice_beasts, sword_in_stone
D:13:     uniq_frances
D:14:     lightli_vaults_fourway_checkpoint, minmay_misc_feat_iff,
          minmay_lindwurm_lava, uniq_louise, uniq_agnes
D:15:     grunt_enter_depths_snipers, hangedman_ru_absence, uniq_rupert
Lair:2:   elwin_shoals_entry_rocks, minmay_snake_entry_guardpost_medium,
          lemuel_fruit_fields, lemuel_fruit_fields
Lair:3:   basic_altar, grunt_megastairs_3
Lair:4:   serial_bayou_shore_b
Lair:5:   nicolae_volcano_entry_hallway, lemuel_fruit_tree, grunt_megastairs_1,
          serial_bayou_shore_a
Lair:6:   hangedman_lair_caniforms_friends, guppyfry_lair_end_dragon,
          slime_altar_2, uniq_kirke
Shoals:2: uniq_polyphemus
Shoals:3: uniq_bai_suzhen, uniq_jorgrun
Shoals:4: shoals_end_grunt_garden, shoal_ilsuiw
Snake:1:  basic_altar, serial_shops, shop,
          nicolae_shop_competitors_out_of_business, shop, nicolae_shop_trees,
          shop, serial_bayou_shore_b, minmay_shoptagon, uniq_aizul
Snake:2:  cheibrodos_toxic_ritual, serial_shops, nicolae_shop_waterfront,
          uniq_vashnia
Snake:3:  hangedman_venom_bottle, minmay_shop_grove
Snake:4:  snake_pit_salamanders_mu
Orc:1:    special_room
Orc:2:    st_orc_open, serial_shops, shop, mines2_david, uniq_maurice
Elf:1:    minmay_elf_arrival_summoners, serial_shops, shop,
          minmay_elf_annihilation, grunt_megastairs_4
Elf:2:    serial_shops, nicolae_shop_waterfront,
          nicolae_elf_glass_and_crystal_pillar_2
Elf:3:    minmay_elf_hall_four_x, serial_shops, nicolae_shop_waterfront,
          uniq_roxanne
Vaults:1: vaults_dpeg_doors, grunt_vaults_hallway_long,
          nicolae_vaults_network_barrier, nicolae_vaults_asterisk,
          vaults_standard_mumra_enter_the_diamond, v_misc_2, v_rooms_2,
          hangedman_vaults_capsules, grunt_vaults_trifunnel, v_misc_8,
          nicolae_vaults_little_ls, nicolae_vaults_specimen_jars, v_misc_17
Vaults:2: nicolae_vaults_network_quincunx, hangedman_vaults_stretched_pinwheel,
          v_pattern_5, minmay_crypt_entry_simple_box, v_alt_pattern_6,
          hangedman_vaults_corner_blocks, hangedman_vaults_nails,
          dpeg_vaults_monster_row
Vaults:3: hangedman_vaults_locks, nicolae_vaults_three_branches,
          st_greater_box_2, vaults_standard_mumra_enter_the_diamond,
          vaults_room_door_ring, nicolae_vaults_big_ls, v_pattern_2
IceCv:    ice_cave_small_dragons
Volcano:  volcano_grotto

Skill      XL: |  1  2  3  4  5  6  7  8  9 10 11 12 13 14 15 16 17 18 19 20 21 22 |
---------------+-------------------------------------------------------------------+-----
Maces & Flails | 3 4 5 6 7 8 10 11 12 13 14 15 16 17 18 19 20 | 20.7
Dodging        | 1 2 3 5 7 8 9 10 11 12 13 14 | 14.2
Fighting       | 4 5 7 9 11 12 13 14 15 16 17 18 19 20 21 | 21.6
Armour         | 4 5 7 8 10 12 13 14 15 | 15.1
Shields        | 4 5 7 9 10 12 13 14 15 | 15.4
Invocations    | 3 6 |  6.1
Stealth        | 2 7 |  7.8
Evocations     | 1 3 |  3.4

Action                   |  1- 3 |  4- 6 |  7- 9 | 10-12 | 13-15 | 16-18 | 19-21 | 22-24 || total
-------------------------+-------+-------+-------+-------+-------+-------+-------+-------++-------
Melee: Flail             |   112 |    46 |       |       |       |       |       |       ||   158
       Whip              |       |   195 |   474 |   831 |       |       |       |       ||  1500
       Kick              |       |       |       |   379 |   114 |       |       |       ||   493
       Morningstar       |       |       |       |   506 |  1904 |       |       |       ||  2410
       Peck              |       |       |       |       |   483 |   338 |   485 |   225 ||  1531
       Eveningstar       |       |       |       |       |    69 |  1463 |  1649 |   643 ||  3824
Invok: Heroism           |       |       |     1 |     3 |     7 |     2 |     2 |     2 ||    17
       Finesse           |       |       |       |       |       |       |     1 |       ||     1
 Abil: Fly               |       |       |       |       |     2 |       |       |       ||     2
       Stop Flying       |       |       |       |       |     1 |       |       |       ||     1
Evoke: Wand              |       |       |       |       |       |       |     1 |       ||     1
  Use: Scroll            |       |     3 |     7 |    14 |    12 |     4 |    10 |     3 ||    53
       Potion            |       |       |     1 |     2 |       |       |     3 |     2 ||     8
 Stab: Invisible         |       |       |       |     3 |       |       |       |       ||     3
       Petrified         |       |       |       |       |       |       |     1 |       ||     1
       Distracted        |       |       |       |       |       |       |     2 |       ||     2
  Eat: Chunk             |     1 |     6 |    13 |    23 |    49 |    15 |    11 |     2 ||   120
       Pizza             |       |       |       |     1 |       |     1 |       |     1 ||     3
       Bread ration      |       |       |       |     1 |       |       |     1 |       ||     2
       Beef jerky        |       |       |       |     2 |     3 |       |     2 |       ||     7
       Meat ration       |       |       |       |     2 |     1 |     2 |     2 |     2 ||     9
       Fruit             |       |       |       |       |       |       |     1 |       ||     1
Armor: Scale mail        |    72 |    99 |   148 |   596 |   323 |       |       |       ||  1238
       Chain mail        |       |       |       |       |   434 |       |       |       ||   434
       Crystal plate arm |       |       |       |       |   243 |   745 |   840 |   340 ||  2168
Dodge: Dodged            |    25 |    62 |    88 |   374 |   591 |   259 |   390 |   202 ||  1991
Block: Shield            |    50 |    84 |   163 |   610 |   611 |       |       |       ||  1518
       Large shield      |       |       |       |       |   926 |  1796 |  1994 |   946 ||  5662
       Reflection        |       |       |       |       |       |   153 |   182 |    44 ||   379
